 Dungeon Crawl Stone Soup version 0.30-a0-847-g17996783a1 (webtiles) character file.

Game seed: 14058215211041914070

164 holysushi the Trooper (level 5, 0/42 HPs)
             Began as a Demonspawn Monk on Mar 3, 2023.
             Slain by an iguana (9 damage)
             ... on level 4 of the Dungeon.
             The game lasted 00:03:17 (2773 turns).

holysushi the Trooper (Demonspawn Monk)             Turns: 2773, Time: 00:03:18

Health: 0/42       AC:  3    Str: 15    XL:     5   Next: 21%
Magic:  5/5        EV: 13    Int: 10    God:
Gold:   63         SH:  0    Dex: 17    Spells: 4/4 levels left

rFire   . . .      SeeInvis .    o - +4 short sword
rCold   . . .      Faith    .    (no shield)
rNeg    + . .      Spirit   .    b - +1 robe
rPois   .          Reflect  .    (helmet restricted)
rElec   .          Rampage  .    (no cloak)
rCorr   .                        (no gloves)
Will    .....                    (no boots)
Stlth   ++                       (no amulet)
HPRegen 0.27/turn                p - ring of positive energy
MPRegen 0.09/turn                (no ring)

@: attractive
A: horns 1, weakness stinger 2, demonic touch 1, strong 1
a: no special abilities


You were on level 4 of the Dungeon.
You visited 1 branch of the dungeon, and saw 4 of its levels.

You collected 148 gold pieces.
You spent 85 gold pieces at shops.

Inventory:

Hand Weapons
 a - a +0 short sword
 n - a +0 rapier
 o - a +4 short sword (weapon)
Missiles
 e - a throwing net (quivered)
Armour
 b - a +1 robe (worn)
Jewellery
 p - a ring of positive energy (left hand)
Scrolls
 f - a scroll of immolation
 g - 4 scrolls of teleportation
 j - a scroll of poison {unknown}
 k - a scroll of identify
Potions
 h - 2 potions of might
 i - a potion of haste
 r - 2 potions of mutation


   Skills:
 + Level 4.0 Fighting
 + Level 3.5 Short Blades
 + Level 3.5 Dodging
 + Level 3.0 Stealth


You had 4 spell levels left.
You didn't know any spells.
Your spell library contained the following spells:

 Spells                   Type           Power      Damage    Failure   Level
 Airstrike                Air            0%         2d(0-16)  98%         4
 Summon Lightning Spire   Summ/Air       0%         N/A       98%         4
 Lightning Bolt           Conj/Air       0%         1d11      100%        5


Dungeon Overview and Level Annotations

Branches:
Dungeon (4/15) Zot: 21247
 Temple: D:4-7

Altars:
Okawaru

Shops:
D:3 *


Innate Abilities, Weirdness & Mutations

You have a pair of small horns on your head.
You have a tail ending in a sharp stinger.
Your touch may inflict minor irresistible damage on your foes.
Your muscles are strong. (Str +4, Int/Dex -1)


Message History

The floor, spattered with blood.
Unknown command.
You aren't carrying any items that you can evoke.
You hit the ogre.
You touch the ogre.
You kill the ogre!
Your Fighting skill increases to level 4!
Your Stealth skill increases to level 3!
You have reached level 5!
Your demonic ancestry asserts itself...
Your tail grows a sharp stinger.
You are confused.
You feel invigorated. The iguana misses you.
You bump into the rock wall.
The iguana hisses menacingly.
The iguana bites you!
* * * LOW HITPOINT WARNING * * *
The iguana bites you.
* * * LOW HITPOINT WARNING * * *
Things that are here:
a +0 giant club; an ogre corpse The iguana bites you.
* * * LOW HITPOINT WARNING * * *
The iguana hisses menacingly.
You closely miss the iguana. Your headbutt misses the iguana.
The iguana bites you!
* * * LOW HITPOINT WARNING * * *
The iguana closely misses you.
It was a potion of mutation.
You feel extremely strange.
You feel stronger.
You feel less invigorated.
You feel less confused.
The iguana hisses menacingly.
The iguana barely misses you.
It was a potion of magic.
Magic courses through your body. The iguana bites you.
* * * LOW HITPOINT WARNING * * *
It was a potion of attraction.
You feel attractive to monsters. The iguana bites you!
You die...

.# #.# #.## .. ...#
...###########..#
#...........!#..####
#...<..#.###.#.....#
.#####.## #@l.# #.#
###)# #.# #.# #.#
#.. ##.# ###. #..#
.# #)## # #.# #.#


You could see an iguana.

Vanquished Creatures
  An ogre (D:4)
  An adder (D:3)
  2 worms
  A dart slug (D:3)
  2 orcs (D:3)
  5 endoplasms
  5 giant cockroaches
  9 goblins
  2 hobgoblins
  3 quokkas
  10 ball pythons
  3 bats
  7 frilled lizards
  3 kobolds
  7 rats
61 creatures vanquished.

Vanquished Creatures (others)
  2 plants (D:3)
2 creatures vanquished.

Grand Total: 63 creatures vanquished

Notes
Turn   | Place    | Note
-------+----------+-------------------------------------------
     0 | D:1      | holysushi the Demonspawn Monk began the quest for the Orb.
     0 | D:1      | Reached XP level 1. HP: 18/18 MP: 1/1
   342 | D:1      | Discovered your monstrous ancestry.
   342 | D:1      | Gained mutation: You have a small tail. [demonic ancestry]
   342 | D:1      | Reached XP level 2. HP: 21/24 MP: 2/2
   992 | D:2      | Gained mutation: Your touch may inflict minor irresistible
                  | damage on your foes. [demonic ancestry]
   992 | D:2      | Reached XP level 3. HP: 23/29 MP: 3/3
  1125 | D:2      | Found an iron altar of Okawaru.
  1851 | D:3      | Gained mutation: You have a pair of small horns on your
                  | head. [demonic ancestry]
  1851 | D:3      | Reached XP level 4. HP: 36/36 MP: 4/4
  1920 | D:3      | Found Tiapag's Assorted Antiques.
  1928 | D:3      | Bought a red potion for 27 gold pieces
  1928 | D:3      | Bought a scroll labelled DAGAPE TADER for 31 gold pieces
  1928 | D:3      | Bought a fuming white potion for 27 gold pieces
  2758 | D:4      | Noticed an ogre
  2763 | D:4      | Killed an ogre
  2764 | D:4      | Reached skill level 4 in Fighting
  2764 | D:4      | Gained mutation: You have a tail ending in a sharp stinger.
                  | [demonic ancestry]
  2764 | D:4      | Reached XP level 5. HP: 6/42 MP: 5/5
  2769 | D:4      | HP: 2/42 [iguana (10)]
  2771 | D:4      | Gained mutation: Your muscles are strong. (Str +4, Int/Dex
                  | -1) [potion of mutation]
  2773 | D:4      | Slain by an iguana

Illustrated notes

Levels and vault maps discovered:
D:1:      amcnicky_arrival_abandoned_market, layout_basic, reono_crystal_passage
D:2:      layout_rooms, basic_altar, chequers_serial_rivers_small_3,
          minmay_split_cup_small
D:3:      layout_basic, zin_scriptorium, mainiacjoe_overflow_small_starburst,
          serial_curves, eino_curves_02, eino_curves_01, serial_shops,
          nicolae_shop_overgrown_old_shop
D:4:      layout_loops_ring, minmay_temple_entry_grid, serial_shops,
          shop_fountains

Skill      XL: |  1  2  3  4 |
---------------+-------------+-----
Stealth        | 2 3 |  3.0
Short Blades   | 3 |  3.5
Dodging        | 3 |  3.5
Fighting       | 4 |  4.0

Action                     |  1- 3 |  4- 6 || total
---------------------------+-------+-------++-------
  Melee: Short sword       |   143 |    23 ||   166
         Tailslap          |    19 |     1 ||    20
         Touch             |     7 |     2 ||     9
         Punch             |     1 |       ||     1
         Headbutt          |       |     2 ||     2
    Use: Scroll            |       |    10 ||    10
         Potion            |       |     4 ||     4
   Stab: Sleeping          |    10 |     2 ||    12
 Armour: Robe              |    15 |     9 ||    24
  Dodge: Dodged            |    69 |    20 ||    89

Table legend: (Time is in decaauts)
 A = Elapsed time spent in this place.
 B = Non-inter-level travel time spent in this place.
 C = Inter-level travel time spent in this place.
 D = Time resting spent in this place.
 E = Time spent auto-exploring this place.
 F = Levels seen in this place.
 G = Mean time per level.
                   A        B        C        D        E       F      G
               +--------+--------+--------+--------+--------+-----+--------+
         Total |   2751 |   2667 |     84 |    433 |   1725 |   4 |  687.8 |
       Dungeon |   2751 |   2667 |     84 |    433 |   1725 |   4 |  687.8 |
               +--------+--------+--------+--------+--------+-----+--------+

Top non-repeatable levels by time:
     D:3: 1123 daAuts
     D:2: 727 daAuts
     D:1: 725 daAuts
     D:4: 175 daAuts
